 Dungeon Crawl Stone Soup version 0.30-a0-989-g0d87f670db (webtiles) character file.

Game seed: 4600053388064206303

3 ytrimaz the Shield-Bearer (level 1, 0/18 HPs)
             Began as a Formicid Fighter on Apr 2, 2023.
             Succumbed to an adder's poison
             ... on level 2 of the Dungeon.
             The game lasted 00:00:25 (280 turns).

ytrimaz the Shield-Bearer (Formicid Fighter)         Turns: 280, Time: 00:00:25

Health: 0/18       AC: 10    Str: 20    XL:     1   Next: 55%
Magic:  1/1        EV:  9    Int:  7    God:
Gold:   38         SH:  5    Dex: 13    Spells: 0/0 levels left

rFire   . . .      SeeInvis +    a - +0 war axe
rCold   . . .      Faith    .    c - +0 buckler
rNeg    . . .      Spirit   .    b - +0 scale mail
rPois   .          Reflect  .    (helmet unavailable)
rElec   .          Rampage  .    (no cloak)
rCorr   .                        (no gloves)
Will    .....                    g - +2 pair of boots Stlth
                                 (no amulet)
HPRegen 0.23/turn                (no ring)
MPRegen 0.07/turn                (no ring)

@: lethally poisoned (0 -> -1), attractive
A: permanent stasis, dig shafts and tunnels, antennae 3, four strong arms
a: Dig, Shaft Self


You were on level 2 of the Dungeon.
You visited 1 branch of the dungeon, and saw 2 of its levels.

You collected 38 gold pieces.


Innate Abilities, Weirdness & Mutations

You cannot be hasted, slowed, berserked, paralysed or teleported.
You can dig through walls and to a lower floor.
You have a pair of large antennae on your head. (SInv)
Your four strong arms can wield two-handed weapons with a shield.


   Skills:
 - Level 3.2 Fighting
 + Level 2.3 Axes
 - Level 3.2 Armour
 - Level 4.0 Shields


You couldn't memorise any spells.
You didn't know any spells.
Your spell library contained the following spells:

 Spells                   Type           Power      Damage    Failure   Level
 Cigotuvi's Dreadful Rot  Necr/Pois/Air  0%         N/A       94%         2
 Poisonous Vapours        Pois/Air       0%         N/A       94%         2
 Mephitic Cloud           Conj/Pois/Air  0%         N/A       99%         3

Inventory:

Hand Weapons
 a - a +0 war axe (weapon)
Armour
 b - a +0 scale mail (worn)
 c - a +0 buckler (worn)
 g - a +2 pair of boots (worn)
   (You found it on level 2 of the Dungeon)
Jewellery
 i - a ring of ice
   (You found it on level 2 of the Dungeon)
Scrolls
 f - a scroll of teleportation {unknown}
 j - a scroll of identify {unknown}
Potions
 d - a potion of might
 h - a potion of degeneration {unknown}

Dungeon Overview and Level Annotations

Branches:
Dungeon (1/15) Zot: 11710

Altars:

#. #.. #. #.. ## #<# #
#.# # #.# # #######.# #
......S.# # #@# #
#######.################
........................
#######....#############
####.# # #.# # #.# #.#
#.#


You could see an adder.


Message History

You closely miss the bat. The bat hits you but does no damage.
You block the bat's attack. The bat barely misses you.
The bat hits you but does no damage.
You closely miss the bat. You block the bat's attack.
You closely miss the bat. The bat barely misses you.
The bat closely misses you. The bat barely misses you. x2
You closely miss the bat. You block the bat's attack.
The bat closely misses you.
You slash the bat!
You kill the bat!
Unknown command.
You see here a bat corpse.
No target in view!
You now have 25 gold pieces (gained 9).
Found a stone staircase leading up.
You now have 38 gold pieces (gained 13).
h - a fizzy red potion
Found a stone staircase leading down.
No target in view!
No target in view!
Unknown command.
No target in view!
You sense a monster nearby.
You pick up a book of Vapours and begin reading...
You add the spells Poisonous Vapours, Cigotuvi's Dreadful Rot and Mephitic Cloud to your library.
You see here a +1 trident of protection.
A rat comes into view.
A rat is nearby!
A bat comes into view.
The bat hits you but does no damage. The bat barely misses you.
Unknown command.
You miss the bat. The bat hits you but does no damage. x2
You slash the bat!
You kill the bat!
Unknown command.
You closely miss the rat. The rat closely misses you.
The rat bites you but does no damage.
You barely miss the rat. You block the rat's attack.
You hit the rat.
You kill the rat!
No target in view!
Unknown command.
i - a ring of ice You see here a +1 trident of protection.
Key pressed, stopping explore.
You sense a monster nearby.
j - a scroll labelled NEISIMMANA
Found a stone staircase leading up.
An adder comes into view.
The adder hisses angrily.
You completely miss the adder. The adder bites you but does no damage.
You closely miss the adder. The adder misses you. You block the adder's attack.
You barely miss the adder. The adder bites you but does no damage.
You block the adder's attack.
Unknown command.
You miss the adder. The adder closely misses you. You block the adder's attack.
You miss the adder. The adder bites you but does no damage.
The adder bites you.
You are poisoned.
The adder poisons you! 😕 HP[-3]
You take 3 damage, and now have 15/18 hp.
You closely miss the adder.
You feel sick. You block the adder's attack.
The adder bites you but does no damage. 😮 HP[-2]
You take 2 damage, and now have 13/18 hp.
You closely miss the adder.
You feel sick. The adder bites you but does no damage. The adder bites you.
You are more poisoned.
The adder poisons you! 😮 HP[-3]
You take 3 damage, and now have 10/18 hp.
You closely miss the adder.
You feel very sick.
The adder bites you but does no damage. 😨 HP[-3]
You take 3 damage, and now have 7/18 hp.
You are too injured to fight recklessly!
You closely miss the adder.
You feel sick. The adder bites you but does no damage.
The adder closely misses you. 😨 HP[-1]
You take 1 damage, and now have 6/18 hp.
Unknown command.
You are too injured to fight recklessly!
You barely miss the adder.
You feel sick. The adder completely misses you. The adder bites you.
* * * LOW HITPOINT WARNING * * *
😱 HP[-4]
You take 4 damage, and now have 2/18 hp.
MASSIVE DAMAGE!! (PAUSE)
You miss the adder.
* * * LOW HITPOINT WARNING * * *
You feel sick. The adder closely misses you.
The adder bites you but does no damage. 😱 HP[-1]
You take 1 damage, and now have 1/18 hp.
Unknown command.
It was a potion of attraction.
You feel attractive to monsters.
You die...

Action                     || total
---------------------------++-------
  Melee: War axe           ||    23
    Use: Potion            ||     1
 Armour: Scale mail        ||    16
  Dodge: Dodged            ||    13
  Block: Buckler           ||    10

Levels and vault maps discovered:
D:1:      nzn_arrival_settlement, layout_basic, serial_shops,
          nicolae_shop_bloodbath_and_beyond, nicolae_shop_hallway_plus,
          moated_statue
D:2:      layout_loops_ring, chequers_serial_rivers_small_b

Notes
Turn   | Place    | Note
-------+----------+-------------------------------------------
     0 | D:1      | ytrimaz the Formicid Fighter began the quest for the Orb.
     0 | D:1      | Reached XP level 1. HP: 18/18 MP: 1/1
     0 | D:1      | magus.rc [v1.9.6]
     6 | D:1      | You fall into a shaft and drop 1 floor!
   185 | D:2      | You pick up a book of Vapours and begin reading...
   185 | D:2      | You add the spells Poisonous Vapours, Cigotuvi's Dreadful
                  | Rot and Mephitic Cloud to your library.
   278 | D:2      | HP: 2/18 [adder (3)]
   280 | D:2      | Succumbed to an adder's poison

Vanquished Creatures
  2 bats (D:2)
  2 rats (D:2)
4 creatures vanquished.

Table legend:
 A = Non-vault XP
 B = Vault XP
 C = Vault XP percentage of total XP
 D = Non-vault monster count
 E = Vault monster count
 F = Vault count percentage of total count
                 A         B        C        D         E       F
            +---------+---------+-------+---------+---------+-------
      Total |       5 |       0 |   0.0 |       4 |       0 |   0.0
            +---------+---------+-------+---------+---------+-------
        D:2 |       5 |       0 |   0.0 |       4 |       0 |   0.0
            +---------+---------+-------+---------+---------+-------

Illustrated notes

Table legend:
 A = Kills in this place as a percentage of kills in the entire game.
 B = Kills by you in this place as a percentage of kills by you in the entire game.
 C = Kills by friends in this place as a percentage of kills by friends in the entire game.
 D = Other kills in this place as a percentage of other kills in the entire game.
 E = Experience gained in this place as a percentage of experience gained in the entire game.
 F = Experience gained in this place divided by the number of levels of this place that you have seen.
                   A       B       C       D       E      F
               +-------+-------+-------+-------+-------+----------------------
         Total | 100.0 | 100.0 |   N/A |   N/A | 100.0 |   2.5
       Dungeon | 100.0 | 100.0 |   N/A |   N/A | 100.0 |   2.5
               +-------+-------+-------+-------+-------+----------------------

Table legend: (Time is in decaauts)
 A = Elapsed time spent in this place.
 B = Non-inter-level travel time spent in this place.
 C = Inter-level travel time spent in this place.
 D = Time resting spent in this place.
 E = Time spent auto-exploring this place.
 F = Levels seen in this place.
 G = Mean time per level.
                   A        B        C        D        E       F      G
               +--------+--------+--------+--------+--------+-----+--------+
         Total |    289 |    263 |     26 |      0 |    188 |   2 |  144.5 |
       Dungeon |    289 |    263 |     26 |      0 |    188 |   2 |  144.5 |
               +--------+--------+--------+--------+--------+-----+--------+

Top non-repeatable levels by time:
     D:2: 283 daAuts
     D:1: 6 daAuts
